[Event "DMP-III LIGA Senior PK 2020"]
[Site "Bystre"]
[Date "2020.07.09"]
[Round "3.28"]
[White "Juszczuk, Grzegorz"]
[Black "Ziemniak, Piotr"]
[Result "1/2-1/2"]
[ECO "A41"]
[WhiteElo "1809"]
[BlackElo "1791"]
[Annotator "NA RC"]
[PlyCount "77"]
[EventDate "2020.07.05"]
[EventType "team-tourn"]
[EventCountry "POL"]
[SourceTitle "playchess.com"]
[Source "ChessBase"]
[SourceQuality "1"]
[TimeControl "5400+30"]

1. d4 d6 2. Nf3 Nf6 3. Bf4 g6 4. e3 Bg7 5. Be2 c5 6. c3 {[%emt 0:01:17] A48: 1 d4 Nf6 2 Nf3 g6: Torre, London and Colle Systems.} cxd4 7. cxd4 Qa5+ 8. Nbd2 O-O 9. O-O Nc6 {[%emt 0:04:40] [#]} 10. h3 $146 ({Predecessor:} 10. Nc4 Qd8 11. d5 Na5 12. b4 Nxc4 13. Bxc4 Nh5 14. Rc1 Nxf4 15. exf4 Qb6 16. Qd2 {0-1 (33) Hestvik,M-Haddock,P (1580) Caleta 2019}) 10... e5 11. Nc4 Qc7 12. dxe5 dxe5 13. Nfxe5 Rd8 14. Qa4 Nxe5 15. Nxe5 Qe7 16. Nf3 Nd5 17. Bg5 f6 18. Bh4 Kh8 19. Nd4 g5 20. Bg3 f5 21. Rfe1 f4 $1 22. exf4 gxf4 $2 (22... Nb6 $1 $11 23. Qb5 Bxd4) 23. Bf3 Nb6 (23... Bd7 $142 24. Rxe7 Bxa4 25. Rxg7 Kxg7) 24. Qb5 $2 (24. Rxe7 $18 Nxa4 25. Bh4 (25. Rxg7 fxg3 26. Rf7 gxf2+ 27. Kxf2 Rxd4 $11)) 24... Qf8 {[%emt 0:04:36] [#]} 25. Bh4 $1 Bd7 26. Qd3 Bf5 $2 (26... Bc6 $1 $14 27. Bxd8 Rxd8) 27. Qb3 $2 (27. Qxf5 $18 Rxd4 28. Qh5) 27... Rxd4 28. Bxb7 Rb8 29. Bf3 $2 (29. Be7 Qg8 30. Qxg8+ Rxg8 31. Rac1) 29... Nc4 {[%emt 0:01:58] Discovered Attack} 30. Qa4 $19 Ne5 31. Qxa7 Nxf3+ 32. gxf3 Rd7 33. Qa4 Rdb7 34. Re2 Bxh3 35. Rae1 Bd7 36. Qa5 Qf7 37. Re7 Qg6+ 38. Kh2 Qh6 39. Qg5 1/2-1/2

[Event "DMP-III LIGA Senior PK 2020"]
[Site "Bystre"]
[Date "2020.07.09"]
[Round "3.30"]
[White "Krzyzanowska-Zadlo, Lidia"]
[Black "Polak, Sylwia"]
[Result "1-0"]
[ECO "D02"]
[WhiteElo "1801"]
[BlackElo "1614"]
[Annotator "NA RC"]
[PlyCount "57"]
[EventDate "2020.07.05"]
[EventType "team-tourn"]
[EventCountry "POL"]
[SourceTitle "playchess.com"]
[Source "ChessBase"]
[SourceQuality "1"]
[TimeControl "5400+30"]

1. Nf3 d5 2. d4 Nf6 3. g3 e6 4. Bg2 c5 5. c4 Nc6 6. cxd5 Nxd5 7. O-O Be7 8. Nc3 Nxc3 9. bxc3 O-O 10. e4 cxd4 11. cxd4 Qa5 {[%emt 0:00:53] [#] D41: Queen's Gambit Declined: Semi-Tarrasch with 5 cxd5.} 12. Qe2 $146 ({Predecessor:} 12. Qb3 Rd8 13. Bb2 Qb4 14. Rfd1 Na5 15. Qxb4 Bxb4 16. Rac1 Bd7 17. d5 exd5 18. exd5 f6 19. Nd4 {1-0 (27) Sharashenidze,A (2343)-Jelinek,M (2101) Czech Republic 2016}) 12... Rd8 13. Rd1 Bf6 14. Be3 Bd7 15. Rab1 b6 16. e5 Be7 17. Nd2 Rac8 18. Ne4 Nb4 19. Qg4 Nd5 20. Bh6 Bf8 21. Bxg7 $2 (21. Rdc1 $14 {stays ahead.}) 21... Bxg7 22. Nf6+ Kh8 23. Bxd5 Bxf6 $1 24. Be4 $2 {[%emt 0:00:15] [#]} ({But not} 24. exf6 $2 Rg8 $19) (24. Bb7 $17 {was the only chance.} Bg7 25. Bxc8 Rxc8 26. Rbc1) 24... Bxe5 $4 {[%emt 0:02:53] [#]} (24... Bg7 $1 $19 {and all is fine.} 25. Qf4 Be8) 25. Qh4 $1 f5 26. dxe5 $18 Qxe5 27. Bb7 Rb8 28. Rbc1 Kg7 29. Qe7+ 1-0

[Event "DMP-III LIGA Senior PK 2020"]
[Site "Bystre"]
[Date "2020.07.10"]
[Round "4.3"]
[White "Stefanski, Adam"]
[Black "Biesiadecki, Adam"]
[Result "0-1"]
[ECO "A17"]
[WhiteElo "1387"]
[BlackElo "1539"]
[Annotator "NA RC"]
[PlyCount "80"]
[EventDate "2020.07.05"]
[EventType "team-tourn"]
[EventCountry "POL"]
[SourceTitle "playchess.com"]
[Source "ChessBase"]
[SourceQuality "1"]
[TimeControl "5400+30"]

1. c4 Nf6 2. Nc3 e6 3. g3 d5 4. cxd5 exd5 5. d4 c6 6. Nf3 Bd6 7. Bg2 O-O 8. O-O Re8 9. Bg5 h6 10. Bxf6 Qxf6 11. Re1 Bb4 12. a3 Bxc3 13. bxc3 Bf5 14. Nd2 Nd7 15. e4 dxe4 16. Bxe4 Be6 17. Rb1 Nb6 18. Bd3 Bf5 19. Ne4 Bxe4 20. Bxe4 Re7 21. Bd3 Rae8 22. Rxe7 Rxe7 23. a4 Qg5 24. Qc2 Nd5 25. Kg2 Nf4+ 26. Kg1 h5 27. h4 Qg4 28. Bf5 Qf3 29. gxf4 Re2 30. Qxe2 Qxe2 31. Rxb7 g6 32. Bh3 Qe1+ 33. Kg2 Qxc3 34. Rxa7 Qxd4 35. Ra6 Qxf4 36. Bd7 c5 37. a5 Qe4+ 38. Kg1 Qb1+ 39. Kh2 Qb7 40. Rb6 Qxd7 0-1

[Event "DMP-III LIGA Senior PK 2020"]
[Site "Bystre"]
[Date "2020.07.10"]
[Round "4.6"]
[White "Krzyzanowska-Zadlo, Lidia"]
[Black "Trybowska, Anna"]
[Result "1/2-1/2"]
[ECO "C10"]
[WhiteElo "1801"]
[BlackElo "1583"]
[Annotator "NA RC"]
[PlyCount "38"]
[EventDate "2020.07.05"]
[EventType "team-tourn"]
[EventCountry "POL"]
[SourceTitle "playchess.com"]
[Source "ChessBase"]
[SourceQuality "1"]
[TimeControl "5400+30"]

1. e4 e6 2. d4 d5 3. Nd2 dxe4 4. Nxe4 Bd7 5. Nf3 Bc6 6. Ng3 Nd7 7. Be2 Ngf6 8. O-O Bd6 9. c4 b6 10. Re1 O-O 11. a3 a5 12. Bd2 Bb7 13. Qc2 c5 14. Rad1 Qc7 15. Be3 Rac8 16. dxc5 Bxc5 17. Bxc5 $11 Qxc5 18. Qb3 Bxf3 19. Qxf3 Ne5 1/2-1/2

[Event "DMP-III LIGA Senior PK 2020"]
[Site "Bystre"]
[Date "2020.07.10"]
[Round "4.7"]
[White "Lach, Dariusz"]
[Black "Miasik, Adrian"]
[Result "0-1"]
[ECO "D02"]
[WhiteElo "1748"]
[BlackElo "1881"]
[Annotator "NA RC"]
[PlyCount "108"]
[EventDate "2020.07.05"]
[EventType "team-tourn"]
[EventCountry "POL"]
[SourceTitle "playchess.com"]
[Source "ChessBase"]
[SourceQuality "1"]
[TimeControl "5400+30"]

1. d4 d5 2. Nf3 e6 3. g3 c5 4. e3 Nf6 5. c3 Bd6 6. Bg2 Nbd7 7. O-O b6 8. Nbd2 Bb7 9. Re1 h6 10. a3 O-O 11. Nf1 (11. b3 $11) 11... Qc7 12. N1d2 Rfe8 13. Nf1 b5 14. Bd2 a5 15. Qb3 Qb6 $17 16. Rec1 Ba6 17. Qd1 Rec8 18. h3 Rab8 19. g4 Ne4 20. Be1 Bc7 21. N3d2 Ndf6 22. f4 Qd6 23. Nxe4 Nxe4 24. Ng3 Nxg3 25. Bxg3 b4 26. axb4 cxb4 27. Bf1 bxc3 28. bxc3 Rb2 29. Rcb1 Rcb8 30. Rxb2 Rxb2 31. Rb1 Rxb1 32. Qxb1 Bxf1 33. Kxf1 Qa6+ 34. Kf2 a4 35. f5 Bxg3+ 36. Kxg3 a3 37. fxe6 Qxe6 38. Kf2 Qd6 39. Kg2 Qa6 40. Qb8+ Kh7 41. Qb1+ g6 42. Qa2 Qa5 43. Kf3 Kg7 44. e4 Qxc3+ 45. Kf4 Qxd4 46. Qxa3 Qxe4+ 47. Kg3 d4 48. Qd6 Qe3+ 49. Kg2 d3 50. h4 d2 51. g5 Qe2+ 52. Kg3 d1=Q 53. gxh6+ Kh7 54. Qf6 Qdd3+ 0-1

[Event "DMP-III LIGA Senior PK 2020"]
[Site "Bystre"]
[Date "2020.07.10"]
[Round "4.8"]
[White "Ciasnocha, Michal"]
[Black "Lach, Ireneusz"]
[Result "1-0"]
[ECO "A46"]
[WhiteElo "1795"]
[BlackElo "1897"]
[Annotator "NA RC"]
[PlyCount "117"]
[EventDate "2020.07.05"]
[EventType "team-tourn"]
[EventCountry "POL"]
[SourceTitle "playchess.com"]
[Source "ChessBase"]
[SourceQuality "1"]
[TimeControl "5400+30"]

1. d4 Nf6 2. Nf3 d6 3. g3 g6 4. Bg2 Bg7 5. O-O O-O 6. b3 c6 7. Bb2 Nbd7 8. Nbd2 Re8 9. Re1 {[%emt 0:05:34] A49: 1 d4 Nf6 2 Nf3 g6 3 g3: Anti-King's Indian systems.} d5 10. c4 {[%emt 0:03:44] [#]} Nf8 $146 ({Predecessor:} 10... e6 11. Qc2 Bf8 12. e4 dxe4 13. Nxe4 Nxe4 14. Qxe4 Bd6 15. Rad1 Nf6 16. Qc2 Be7 {1-0 (28) Timman,J (2555)-Henningsen,L (1930) Helsingor 2018}) 11. Ne5 Ng4 12. Ndf3 Nxe5 13. Nxe5 Bf5 14. Rc1 f6 15. Nd3 Bh6 16. e3 Bxd3 17. Qxd3 e6 18. b4 a6 19. a4 f5 20. cxd5 cxd5 21. Bf1 Nd7 22. Qb3 Bf8 23. Rc2 Rc8 24. Rxc8 Qxc8 25. Rc1 Qd8 26. Bc3 Bd6 27. Bd3 Nb8 28. Kg2 Re7 29. f3 Rc7 30. e4 Bf8 (30... fxe4 $142 31. fxe4 Qg5) 31. Re1 fxe4 $16 32. fxe4 Rf7 33. Rf1 Rxf1 34. Bxf1 Nc6 35. Be2 Bg7 36. Bf3 Nxd4 37. Bxd4 Bxd4 38. exd5 e5 39. d6+ Kf8 40. Qe6 Qg5 41. Qc8+ Kg7 42. Qxb7+ Kh6 43. Qe7 Qd2+ 44. Kh3 Bg1 45. Qxe5 Qxh2+ 46. Kg4 Qd2 47. Qf4+ Qxf4+ 48. Kxf4 Bb6 49. a5 Bd8 50. Be2 Kg7 51. Bxa6 Kf6 52. Bc4 h5 53. Ke4 g5 54. Kd5 h4 55. gxh4 gxh4 56. Bf1 Kf7 57. Bh3 Kf6 58. Kc6 Ke5 59. a6 1-0

[Event "DMP-III LIGA Senior PK 2020"]
[Site "Bystre"]
[Date "2020.07.10"]
[Round "4.9"]
[White "Janzer, Hubert"]
[Black "Babiarz, Arkadiusz"]
[Result "1/2-1/2"]
[ECO "D00"]
[WhiteElo "1893"]
[BlackElo "1840"]
[Annotator "NA RC"]
[PlyCount "160"]
[EventDate "2020.07.05"]
[EventType "team-tourn"]
[EventCountry "POL"]
[SourceTitle "playchess.com"]
[Source "ChessBase"]
[SourceQuality "1"]
[TimeControl "5400+30"]

1. d4 d5 2. Bf4 c5 3. c3 Nc6 4. e3 Nf6 5. Nd2 e6 6. Ngf3 Bd6 7. Bg3 O-O 8. Bd3 b6 9. Ne5 Bb7 10. O-O Qc7 11. f4 Ne7 {[%emt 0:00:33] D02: 1 d4 d5 2 Nf3 sidelines, including 2...Nf6 3 g3 and 2...Nf6 3 Bf4.} 12. Bh4 Ne4 13. Bxe7 Qxe7 14. Bxe4 dxe4 15. Qc2 {[%emt 0:00:17] [#]} f6 $146 ({Predecessor:} 15... f5 16. Ndc4 Bc7 17. a4 Kh8 18. Rad1 Bd5 19. Kh1 Rac8 20. Qe2 Bb8 21. Rc1 Qe8 {0-1 (33) Ning,K (2157)-Shuvalova,P (2388) Moscow 2018}) 16. Nec4 cxd4 17. exd4 Rac8 18. b3 b5 19. Ne3 Bb4 20. Nb1 ({Better is} 20. Ndc4 $15) 20... Bxc3 21. Nxc3 b4 22. Nc4 bxc3 23. Qxc3 Rfd8 24. Rfd1 Rd5 25. Qe3 Rcd8 26. Rd2 Kh8 27. Qxe4 Rxd4 28. Qxd4 Rxd4 29. Rxd4 h6 30. Rad1 Qc5 31. Kh1 Kh7 32. a3 Bd5 33. b4 Qc6 34. Ne3 Bb3 35. R1d3 Qc1+ 36. Nd1 Qxa3 37. h3 Qa1 38. Kh2 Bc2 39. Rd2 a5 40. Ne3 Bb3 41. b5 Bd5 (41... Qc1 $17 42. b6 Qc6) 42. Nxd5 exd5 43. Rxd5 a4 44. Rd7 Qb1 45. Ra7 (45. R2d4 $5 ) 45... Qxb5 46. Rdd7 Kg6 (46... Qf1 $11) 47. Rdb7 Qc4 (47... Qc6 $1 $14) 48. Rxg7+ Kf5 49. Ra5+ Ke4 $16 50. Rga7 Qc1 51. Rxa4+ Kf5 52. R7a5+ Kg6 53. f5+ Kh5 54. Ra2 Kg5 55. R5a3 Qf4+ 56. Rg3+ Kxf5 57. Raa3 Ke6 58. Raf3 Qd6 59. Kg1 Qd1+ 60. Rf1 Qd4+ 61. Kh1 Kf7 62. Rgf3 Qe5 63. Rf5 Qb2 64. Kh2 Qb8+ 65. R1f4 Qd6 66. Kg3 Kg6 67. Kh4 Qe6 68. Rxf6+ Qxf6+ 69. Rxf6+ Kxf6 70. Kg4 Kg6 71. h4 Kf6 72. Kf4 Kg6 73. g4 Kf6 74. Ke4 Ke6 75. Kd4 Kd6 76. g5 hxg5 77. hxg5 Ke6 78. Ke4 Kf7 79. Kf5 Kg7 80. g6 Kg8 1/2-1/2

[Event "DMP-III LIGA Senior PK 2020"]
[Site "Bystre"]
[Date "2020.07.10"]
[Round "4.10"]
[White "Ziemniak, Piotr"]
[Black "Lach, Tomasz"]
[Result "0-1"]
[ECO "B15"]
[WhiteElo "1791"]
[BlackElo "1833"]
[Annotator "NA RC"]
[PlyCount "112"]
[EventDate "2020.07.05"]
[EventType "team-tourn"]
[EventCountry "POL"]
[SourceTitle "playchess.com"]
[Source "ChessBase"]
[SourceQuality "1"]
[TimeControl "5400+30"]

1. e4 c6 2. d4 d5 3. Nc3 a6 4. Bd3 dxe4 5. Bxe4 Nf6 6. Bf3 {[%emt 0:01:20] B15: Caro-Kann: 3 Nc3: 3...g6 and 3...dxe4 4 Nxe4 Nf6 5 Nxf6+ exf6.} Bf5 7. Nge2 (7. g4 $5 Be6 8. g5 $11) 7... e6 8. Ng3 Bg6 {[%emt 0:00:13] [#]} 9. O-O $146 ({Predecessor:} 9. Nce2 Bd6 10. h4 h6 11. Bf4 Be7 12. c4 Nbd7 13. h5 Bh7 14. O-O O-O 15. Nc3 {½-½ (58) Sihite,C (2206)-Zhao,X (2508) Tromsoe 2014}) 9... Be7 10. Bf4 O-O 11. Qd2 Nbd7 12. h4 h6 13. Rad1 Nb6 14. h5 Bh7 $1 15. Qe2 Re8 16. Rfe1 Nbd5 17. Nxd5 Nxd5 18. Bd2 (18. Bc1 $11 {remains equal.}) 18... Qc7 ({Black should try} 18... Bxc2 $17 19. Rc1 Bh7) 19. c3 Rad8 20. Bxd5 cxd5 21. Qg4 Kh8 22. Bf4 $11 Bd6 23. Bxd6 Qxd6 24. Ne2 b5 25. Qf4 Qxf4 26. Nxf4 a5 27. Nd3 Bxd3 28. Rxd3 Rb8 29. a3 Rec8 30. Re2 b4 31. cxb4 axb4 32. Rb3 bxa3 33. Rxb8 Rxb8 34. bxa3 Rb1+ 35. Kh2 Ra1 36. Re3 Rd1 37. Rb3 Rxd4 38. Rb4 Rd2 39. Kg3 Rd3+ 40. Kf4 Rxa3 41. Rb7 f6 42. Rb6 Ra4+ 43. Kf3 e5 44. g3 Ra2 45. g4 Ra3+ 46. Ke2 Ra4 47. f3 Rf4 48. Rd6 e4 49. Rxd5 exf3+ 50. Kf2 Rxg4 51. Kxf3 Rg5 52. Rd8+ Kh7 53. Kf4 Rxh5 54. Kg4 Ra5 55. Kh4 Kg6 56. Rd7 Ra4+ 0-1

[Event "DMP-III LIGA Senior PK 2020"]
[Site "Bystre"]
[Date "2020.07.10"]
[Round "4.11"]
[White "Lach, Mateusz"]
[Black "Wozniak, Grzegorz"]
[Result "1/2-1/2"]
[ECO "A52"]
[WhiteElo "1674"]
[BlackElo "1608"]
[Annotator "NA RC"]
[PlyCount "211"]
[EventDate "2020.07.05"]
[EventType "team-tourn"]
[EventCountry "POL"]
[SourceTitle "playchess.com"]
[Source "ChessBase"]
[SourceQuality "1"]
[TimeControl "5400+30"]

1. d4 Nf6 2. c4 e5 3. dxe5 Ng4 4. e6 dxe6 5. Qxd8+ Kxd8 6. a3 Bc5 7. e3 a5 8. b3 Ke7 9. Bb2 f6 10. Be2 e5 11. h3 Nh6 12. Bf3 c6 13. Ne2 Be6 14. Nbc3 Nd7 15. O-O Nf7 16. Ng3 g6 17. Rfd1 Rhd8 18. Be2 f5 19. Na4 Bd6 20. Bc3 e4 21. Kf1 Be5 22. Bxe5 Nfxe5 23. f4 Nf7 24. Nh1 b5 25. Nc3 bxc4 26. bxc4 Nd6 27. Rd4 Nc5 28. Rb1 Rab8 29. g4 Nb3 30. Rdd1 Nxc4 31. Bxc4 Bxc4+ 32. Ke1 Nc5 33. Nf2 Nd3+ 34. Nxd3 Bxd3 35. Rbc1 Rb2 36. Rd2 Rxd2 37. Kxd2 Bb5+ 38. Ke1 Rd3 39. Kf2 Rd2+ 40. Kg3 Kd6 41. Rd1 Rxd1 42. Nxd1 Kd5 43. Nb2 c5 44. gxf5 gxf5 45. Kf2 c4 46. Nd1 c3 47. Nxc3+ Kc4 48. Ne2 Bd7 49. Nd4 a4 50. Ke2 Kc3 51. h4 h5 52. Ke1 Kd3 53. Kf2 Kd2 54. Ne2 Be8 55. Nd4 Bg6 56. Ne6 Kc2 57. Nc5 Be8 58. Ke2 Kb2 59. Kd2 Kxa3 60. Kc3 Ka2 61. Kc2 Bb5 62. Kc1 Ka3 63. Kb1 Kb4 64. Ne6 Be8 65. Kc2 a3 66. Nd4 Bd7 67. Ne2 a2 68. Kb2 a1=B+ 69. Kxa1 Kc4 70. Ng3 Kd3 71. Nxh5 Kxe3 72. Nf6 Be6 73. h5 Kf3 74. h6 e3 75. h7 e2 76. h8=Q e1=Q+ 77. Kb2 Qb4+ 78. Kc2 Bb3+ 79. Kb2 Bc4+ 80. Kc2 Qb3+ 81. Kc1 Qc3+ 82. Kb1 Qb3+ 83. Kc1 Qa3+ 84. Kc2 Qb3+ 85. Kc1 Qc3+ 86. Kb1 Bd3+ 87. Ka2 Qc4+ 88. Ka3 Qc5+ 89. Kb3 Qb5+ 90. Ka3 Qc5+ 91. Kb3 Bc4+ 92. Kc3 Bb5+ 93. Kb3 Qc4+ 94. Kb2 Qb4+ 95. Kc1 Qc3+ 96. Kb1 Bd3+ 97. Ka2 Bc4+ 98. Kb1 Qb4+ 99. Kc1 Qa3+ 100. Kc2 Qb3+ 101. Kc1 Qe3+ 102. Kc2 Qe2+ 103. Kc3 Qd3+ 104. Kb4 Qb3+ 105. Kc5 Qb5+ 106. Kd4 1/2-1/2

[Event "DMP-III LIGA Senior PK 2020"]
[Site "Bystre"]
[Date "2020.07.10"]
[Round "4.16"]
[White "Mikula, Michal"]
[Black "Wrobel, Dariusz"]
[Result "1-0"]
[ECO "C41"]
[WhiteElo "1858"]
[BlackElo "1427"]
[Annotator "NA RC"]
[PlyCount "63"]
[EventDate "2020.07.05"]
[EventType "team-tourn"]
[EventCountry "POL"]
[SourceTitle "playchess.com"]
[Source "ChessBase"]
[SourceQuality "1"]
[TimeControl "5400+30"]

1. e4 e5 2. Nf3 d6 3. Bc4 Be7 4. d4 exd4 5. Nxd4 Nf6 6. Nc3 Bd7 7. Be3 {[%emt 0:01:19] C41: Philidor Defence.} Nc6 8. f3 Nxd4 (8... Ne5 $5 9. Be2 c5 $11) 9. Bxd4 a6 10. Qd2 O-O {[%emt 0:00:11] [#]} 11. g4 $146 ({Predecessor:} 11. O-O Bc6 12. Nd5 Nxd5 13. exd5 Bd7 14. Rae1 Bf6 15. Re2 Re8 16. Rxe8+ Bxe8 17. Re1 Bxd4+ 18. Qxd4 {1-0 (42) Nikolov,S-Genov,D Sofia 2008}) 11... b5 12. Bd3 Bc6 13. O-O-O b4 14. Ne2 a5 15. Ng3 Nd7 16. Nf5 Bf6 17. Bxf6 Qxf6 18. g5 Qd8 ({Better is} 18... Qe5 $14) 19. h4 Ne5 20. Be2 Bd7 $18 (20... f6 $16 {might work better.} 21. gxf6 Qxf6) 21. h5 Bxf5 22. exf5 f6 23. f4 Nd7 24. Bc4+ Kh8 25. h6 fxg5 26. hxg7+ Kxg7 27. Qd4+ Qf6 28. Qd2 Qxf5 29. Bd3 Qe6 30. Rxh7+ Kg8 31. Re1 Qxa2 32. Qg2 1-0

[Event "DMP-III LIGA Senior PK 2020"]
[Site "Bystre"]
[Date "2020.07.10"]
[Round "4.17"]
[White "Kielb, Miroslaw"]
[Black "Sygulski, Piotr"]
[Result "0-1"]
[ECO "C11"]
[WhiteElo "1394"]
[BlackElo "1652"]
[Annotator "NA RC"]
[PlyCount "132"]
[EventDate "2020.07.05"]
[EventType "team-tourn"]
[EventCountry "POL"]
[SourceTitle "playchess.com"]
[Source "ChessBase"]
[SourceQuality "1"]
[TimeControl "5400+30"]

1. e4 e6 2. d4 d5 3. Nc3 Nf6 4. Bg5 dxe4 5. Nxe4 Nbd7 6. Nf3 Be7 7. Bd3 Nxe4 8. Bxe7 Qxe7 9. Bxe4 Nf6 10. Bd3 O-O 11. O-O b6 12. Re1 Bb7 13. c4 Qd6 14. Ng5 Rad8 15. Qc2 h6 16. Ne4 Qxd4 17. Nxf6+ Qxf6 18. Re3 Rd7 19. Rae1 Rfd8 20. Rg3 Rd4 21. Qc3 c5 22. h3 Kh8 23. Rge3 R8d7 24. f3 Qg5 25. Kf1 Qg3 26. Be4 Bxe4 27. Rxe4 Rd2 28. R4e2 Rxe2 29. Rxe2 Rd1+ 30. Re1 Qxe1+ 31. Qxe1 Rxe1+ 32. Kxe1 Kg8 33. Ke2 Kf8 34. Ke3 Ke7 35. Ke4 g5 36. g4 f6 37. a4 Kd6 38. b3 a6 39. f4 gxf4 40. Kxf4 Ke7 41. h4 Kf7 42. h5 Ke7 43. Ke4 Kd6 44. Kf4 Kc6 45. Ke4 b5 46. a5 b4 47. Kf4 Kd6 48. Ke4 Ke7 49. Kf4 e5+ 50. Kf3 Ke6 51. Ke4 f5+ 52. gxf5+ Kf6 53. Kd5 Kxf5 54. Kxc5 e4 55. Kd6 e3 56. c5 e2 57. c6 e1=Q 58. c7 Qe6+ 59. Kc5 Ke5 60. Kxb4 Qd6+ 61. Ka4 Qxc7 62. b4 Kd4 63. b5 Qc4+ 64. Ka3 Qxb5 65. Ka2 Kc3 66. Ka1 Qb2# 0-1

[Event "DMP-III LIGA Senior PK 2020"]
[Site "Bystre"]
[Date "2020.07.10"]
[Round "4.18"]
[White "Zgoda, Aleksandra"]
[Black "Wolak, Julia"]
[Result "0-1"]
[ECO "B34"]
[WhiteElo "1203"]
[BlackElo "1516"]
[Annotator "NA RC"]
[PlyCount "138"]
[EventDate "2020.07.05"]
[EventType "team-tourn"]
[EventCountry "POL"]
[SourceTitle "playchess.com"]
[Source "ChessBase"]
[SourceQuality "1"]
[TimeControl "5400+30"]

1. e4 c5 2. Nf3 Nc6 3. d4 cxd4 4. Nxd4 Nf6 5. Nc3 e5 6. Nb3 Bb4 7. Bd3 d5 8. exd5 Bxc3+ 9. bxc3 Nxd5 10. c4 Nb6 11. O-O O-O 12. a3 Qh4 13. Qe2 Be6 14. c5 Nd7 15. Bb2 Bxb3 16. cxb3 Nxc5 17. Bc4 Kh8 18. Bxe5 Qe7 19. Bg3 Qxe2 20. Bxe2 Nxb3 21. Rad1 Nbd4 22. Bc4 Rad8 23. f3 b5 24. Bd3 b4 25. axb4 Nxb4 26. Bc4 f6 27. Ra1 Nbc2 28. Rxa7 Ne3 29. Rc1 Rc8 30. Kf2 Rxc4 31. Rxc4 Nxc4 32. Ra4 Rc8 33. h3 Nf5 34. Bh2 Nce3 35. g4 Rc2+ 36. Kg1 Ne7 37. Re4 N3d5 38. Bd6 Ng8 39. h4 g6 40. Rd4 Nge7 41. Re4 f5 42. gxf5 Nxf5 43. Bh2 Nde3 44. Bf4 Nd5 45. Bh2 Kg7 46. Rg4 h5 47. Re4 Kf7 48. Kh1 Rf2 49. Kg1 Rxf3 50. Kg2 Rd3 51. Bg1 Nde3+ 52. Bxe3 Rxe3 53. Rf4 Kf6 54. Ra4 Rg3+ 55. Kh2 Rd3 56. Rb4 Rd4 57. Rxd4 Nxd4 58. Kg3 Kf5 59. Kh3 Kf4 60. Kg2 Kg4 61. Kh1 Kxh4 62. Kh2 Kg4 63. Kg2 g5 64. Kh2 Kf3 65. Kg1 h4 66. Kh2 g4 67. Kg1 g3 68. Kh1 g2+ 69. Kg1 Ne2+ 0-1

[Event "DMP-III LIGA Senior PK 2020"]
[Site "Bystre"]
[Date "2020.07.10"]
[Round "4.23"]
[White "Mastej, Krzysztof"]
[Black "Dziura, Wiktor"]
[Result "1/2-1/2"]
[ECO "B76"]
[WhiteElo "1303"]
[BlackElo "1353"]
[Annotator "NA RC"]
[PlyCount "50"]
[EventDate "2020.07.05"]
[EventType "team-tourn"]
[EventCountry "POL"]
[SourceTitle "playchess.com"]
[Source "ChessBase"]
[SourceQuality "1"]
[TimeControl "5400+30"]

1. e4 g6 2. d4 Bg7 3. Nf3 c5 4. Nc3 cxd4 5. Nxd4 d6 6. Be3 Nf6 7. f3 O-O 8. Qd2 Re8 9. g4 Nc6 10. O-O-O a6 11. h4 Qc7 12. h5 Ne5 13. hxg6 fxg6 14. Bh6 Bh8 15. Nd5 Nxd5 16. exd5 Qb6 17. c3 Qc7 18. Bd3 e6 19. dxe6 Bxe6 20. Nxe6 Rxe6 21. Qe2 Nxd3+ 22. Qxd3 Bg7 23. Qd5 Bxh6+ 24. Rxh6 Qf7 25. Rhh1 Rae8 1/2-1/2

[Event "DMP-III LIGA Senior PK 2020"]
[Site "Bystre"]
[Date "2020.07.10"]
[Round "4.24"]
[White "Kruczek, Aleksandra"]
[Black "Uliasz, Katarzyna"]
[Result "0-1"]
[ECO "A48"]
[WhiteElo "1038"]
[BlackElo "1386"]
[Annotator "NA RC"]
[PlyCount "140"]
[EventDate "2020.07.05"]
[EventType "team-tourn"]
[EventCountry "POL"]
[SourceTitle "playchess.com"]
[Source "ChessBase"]
[SourceQuality "1"]
[TimeControl "5400+30"]

1. d4 Nf6 2. Bf4 g6 3. Nf3 Bg7 4. e3 O-O 5. Bd3 d6 6. h3 Nbd7 7. Nbd2 c5 8. c3 a6 9. a4 b6 10. b3 Qc7 11. O-O Bb7 12. e4 h6 13. Rc1 g5 14. Be3 Rad8 15. c4 cxd4 16. Nxd4 Nc5 17. Qc2 e6 18. f3 Nxd3 19. Qxd3 Nh5 20. Ne2 e5 21. g3 Bc8 22. Kh2 Kh8 23. b4 Qd7 24. g4 Nf4 25. Nxf4 gxf4 26. Bxb6 Qxa4 27. Bxd8 Rxd8 28. c5 Qxb4 29. Rc4 Qb8 30. c6 Qc7 31. Rb1 Bf6 32. Qb3 Bh4 33. Qb8 Bg3+ 34. Kg2 Qe7 35. c7 Rg8 36. Nf1 Qh4 37. Rc2 Qg5 38. Rc6 h5 39. Rxd6 hxg4 40. fxg4 Bh4 41. Rbb6 f3+ 42. Kh1 Qc1 43. Rh6+ Kg7 44. Rb1 Qxh6 45. Qb2 Bf6 46. Ng3 Qxh3+ 47. Qh2 Qxh2+ 48. Kxh2 Rh8+ 49. Kg1 Bh4 50. Kf2 Bxg4 51. Rb8 Rc8 52. Rxc8 Bxc8 53. Kxf3 Bxg3 54. Kxg3 a5 55. Kf3 a4 56. Kg3 a3 57. Kf3 a2 58. Kg3 a1=Q 59. Kf2 Qd4+ 60. Kf3 Qc3+ 61. Ke2 Qxc7 62. Ke3 Qc3+ 63. Ke2 Ba6+ 64. Kf2 Qd4+ 65. Kf3 Qd3+ 66. Kg4 Qxe4+ 67. Kg3 Qf4+ 68. Kg2 Bb7+ 69. Kg1 Qg3+ 70. Kf1 Ba6# 0-1

[Event "DMP-III LIGA Senior PK 2020"]
[Site "Bystre"]
[Date "2020.07.10"]
[Round "4.28"]
[White "Wojciechowski, Beniamin"]
[Black "Zajac, Karol"]
[Result "1-0"]
[ECO "C35"]
[WhiteElo "1835"]
[BlackElo "1652"]
[Annotator "NA RC"]
[PlyCount "123"]
[EventDate "2020.07.05"]
[EventType "team-tourn"]
[EventCountry "POL"]
[SourceTitle "playchess.com"]
[Source "ChessBase"]
[SourceQuality "1"]
[TimeControl "5400+30"]

1. e4 e5 2. f4 exf4 3. Nf3 Be7 4. Bc4 Nf6 5. d3 d5 6. exd5 Nxd5 7. O-O O-O (7... g5 $17) 8. Nc3 Be6 9. Nxd5 Bxd5 10. Bxd5 Qxd5 11. Bxf4 Nd7 $11 12. c4 Qc6 13. Qc2 Bf6 14. Rfd1 Rfe8 15. d4 h6 16. Bg3 Re4 17. Rac1 Rae8 18. Rd2 Re3 19. b3 Rxf3 20. gxf3 Qxf3 21. Rf1 Qe3+ 22. Bf2 Qg5+ 23. Kh1 Qh5 24. Qd1 Qa5 25. Re2 Rd8 26. Qe1 Qa6 27. Re8+ Rxe8 28. Qxe8+ Nf8 29. Qe2 Qd6 30. d5 b6 31. Bg3 Qd7 32. Qf3 Ng6 33. Qf5 Qd8 34. Re1 Bg5 35. Rf1 Bf6 36. Re1 Bg5 37. Qe4 Ne7 38. h4 Bf6 39. h5 Qd7 40. Kg2 b5 41. Re2 a6 42. Rd2 Bg5 43. Rd3 bxc4 44. bxc4 Qa4 45. Bxc7 Qxa2+ 46. Kh3 Qf2 47. Bg3 Qf1+ 48. Kh2 f5 49. Rf3 Qd1 50. Qd3 Qc1 51. d6 f4 52. Bf2 Nc8 53. c5 Na7 54. Qd5+ Kh7 55. d7 Nb5 56. Qf5+ Kh8 57. Qxg5 hxg5 58. d8=Q+ Kh7 59. Qxg5 Nc3 60. Qxf4 Qb2 61. Qd4 Qb8+ 62. Rg3 1-0

[Event "DMP-III LIGA Senior PK 2020"]
[Site "Bystre"]
[Date "2020.07.10"]
[Round "4.29"]
[White "Materniak, Aleksander"]
[Black "Borukalo, Zdzislaw"]
[Result "1-0"]
[ECO "B32"]
[WhiteElo "1660"]
[BlackElo "1679"]
[Annotator "NA RC"]
[PlyCount "63"]
[EventDate "2020.07.05"]
[EventType "team-tourn"]
[EventCountry "POL"]
[SourceTitle "playchess.com"]
[Source "ChessBase"]
[SourceQuality "1"]
[TimeControl "5400+30"]

1. e4 c5 2. Nf3 Nc6 3. d4 cxd4 4. Nxd4 e5 5. Nb5 d6 6. c4 Be7 7. Be3 a6 8. N5c3 Nf6 9. Be2 O-O 10. O-O Be6 11. Nd2 Rb8 12. Rc1 Re8 13. Nd5 Nd7 14. b4 Bg5 15. Qb3 Bxe3 16. Qxe3 Nd4 17. Bd3 Rf8 18. f4 f6 19. f5 Bxd5 20. exd5 Qb6 21. Rb1 Rfc8 22. Kh1 Qa7 23. Ne4 Qb6 24. Rfc1 Nxf5 25. Nxf6+ gxf6 26. Qh3 Ng7 27. Bxh7+ Kf8 28. Qxd7 Rc7 29. Qg4 Rbc8 30. Rf1 Rxc4 31. Rxf6+ Ke8 32. Qg6+ 1-0